AoeStats
← Jako2621

Four Lakes

507043437Analyzed
1v1 RM · 15d ago on Sep 16, 2026· 55m 31s· 2 players
Game mode
Random Map
Map size
Tiny (2 player)
Population
200
Speed
Normal
Resources
Standard
Victory
Conquest
Starting age
Dark Age
Ending age
Imperial Age
RankedLock teamsTeams togetherTeam positionsShared explorationLock speedFull tech treeHidden civsTurbo modeCheats
Victory
Defeat
🇳🇴 Japanese · Norway
532
+14
🇫🇷 Franks · France
499
-14
Jako2621
0:36 Loom
11:59 Feudal Age
13:38 Wheelbarrow
12:58 Double-Bit Axe
13:10 Gold Mining
13:16 Stone Mining
15:07 Town Watch
22:18 Castle Age
24:25 Husbandry
25:53 Light Cavalry
27:04 Hand Cart
27:30 Gold Shaft Mining
27:09 Bow Saw
27:08 Scale Barding Armor
27:14 Forging
27:40 Coinage
26:57 Fishing Lines
28:41 Town Patrol
29:32 Chain Barding Armor
32:25 Gillnets
33:46 Iron Casting
36:47 Masonry
36:33 Murder Holes
42:17 Imperial Age
44:49 Cavalier
47:26 Hoardings
47:14 Paladin
51:21 Architecture
50:38 Arrowslits
50:59 Siege Engineers
51:05 Fortified Wall
50:46 Guard Tower
51:58 Chemistry
51:38 Plate Barding Armor
52:04 Blast Furnace
52:09 Chivalry
ejaco-11
6:16 Loom
11:19 Feudal Age
11:46 Fishing Lines
11:59 Double-Bit Axe
13:49 Man-at-Arms
20:17 Wheelbarrow
19:42 Horse Collar
19:57 Gold Mining
20:22 Forging
20:13 Scale Mail Armor
20:01 Arson
27:57 Castle Age
28:26 Pikeman
30:37 Iron Casting
30:17 Chain Mail Armor
31:31 Squires
31:18 Gambesons
47:29 Imperial Age
47:49 Halberdier
49:21 Conscription
51:19 Kataparuto
Connection lost

Rejoining the realm…

Still unreachable

The connection could not be restored.

Session expired

The server has moved on; the page needs a fresh start.